Map: Frost LE

Players

Rob - Winner!

  • Race: Protoss Protoss
  • League: Silver
  • Spawn Location: 1:00

Fropez

  • Race: Protoss Protoss
  • League: Silver
  • Spawn Location: 11:00

VOD

Have the link to the VOD?

Description

Time

  • Played on: July 5, 2016, 10:29 a.m.
  • Length: 9:31
Show
View Real Time Build Order
Export as new Build Order

Rob Protoss - Winner!

Build Orders: 1 Gate Expand 

Get SALT Encoding   

  12  0:01  Probe (Chrono Boost)  
  13  0:11  Probe (Chrono Boost)  
  14  0:18  Pylon  
  14  0:22  Probe (Chrono Boost)  
  15  0:36  Probe (Chrono Boost)  
  15  0:38  Gateway  
  16  0:43  Assimilator  
  16  0:47  Probe (Chrono Boost)  
  17  0:58  Probe (Chrono Boost)  
  18  1:08  Probe (Chrono Boost)  
  19  1:19  Probe (Chrono Boost)  
  20  1:26  Cybernetics Core  
  20  1:29  Probe (Chrono Boost)  
  21  1:44  Nexus  
  21  1:47  Probe (Chrono Boost)  
  21  1:53  Pylon  
  22  1:58  Assimilator  
  22  2:03  Warp Gate (Chrono Boost)  
  22  2:07  Probe  
  23  2:20  Mothership Core  
  25  2:39  Robotics Facility  
  25  2:41  Probe  
  26  2:53  Probe  
  26  2:54  Probe  
  28  3:02  Gateway  
  28  3:05  Probe x2, Gateway  
  30  3:16  Probe  
  30  3:17  Probe  
  32  3:26  Stargate  
  32  3:29  Observer (Chrono Boost), Probe  
  34  3:40  Probe  
  35  3:53  Observer (Chrono Boost)  
  36  3:59  Probe  
  37  4:03  Pylon  
  37  4:05  Pylon  
  37  4:09  Oracle (Chrono Boost)  
  40  4:11  Probe  
  40  4:15  Stalker  
  43  4:23  Assimilator  
  43  4:24  Probe  
  44  4:25  Assimilator  
  44  4:28  Probe  
  45  4:36  Probe  
  46  4:48  Probe  
  47  5:00  Probe  
  48  5:13  Nexus, Gateway x2  
  48  5:14  Stalker x2  
  48  5:16  Pylon x2  
  48  5:19  Assimilator, Gateway  
  52  5:24  Assimilator  
  50  5:33  Stalker  
  44  5:49  Stalker x2  
  42  6:01  Probe  
  43  6:04  Probe  
  44  6:14  Probe (Chrono Boost)  
  44  6:17  Probe (Chrono Boost)  
  46  6:21  Oracle (Chrono Boost)  
  49  6:34  Stalker  
  49  6:37  Stalker  
  53  6:47  Stalker x2  
  53  6:50  Probe  
  58  6:58  Oracle (Chrono Boost)  
  61  7:30  Immortal  
  65  7:44  Stalker x4  
  73  8:04  Warp Prism  
  73  8:08  Probe, Stalker  
  73  8:09  Stalker  
  80  8:16  Probe  
  80  8:19  Probe  
  82  8:28  Probe  
  77  8:40  Probe  
  78  8:53  Probe  
  78  8:54  Probe  
  80  9:04  Probe  
  80  9:05  Probe  
  80  9:09  Stalker x5  
  88  9:10  Stalker  
  78  9:17  Probe  
Show
View Real Time Build Order
Export as new Build Order

Fropez Protoss 

Build Orders: Mass Adepts 

Get SALT Encoding   

  12  0:00  Probe (Chrono Boost)  
  13  0:15  Pylon  
  13  0:22  Probe (Chrono Boost)  
  13  0:28  Assimilator  
  14  0:32  Probe (Chrono Boost)  
  15  0:42  Gateway  
  15  0:46  Probe (Chrono Boost)  
  17  0:57  Probe (Chrono Boost)  
  17  1:11  Gateway  
  17  1:15  Probe (Chrono Boost)  
  18  1:19  Assimilator  
  18  1:24  Pylon  
  18  1:30  Probe (Chrono Boost)  
  19  1:50  Cybernetics Core  
  19  1:51  Probe (Chrono Boost)  
  19  1:52  Pylon  
  20  1:58  Assimilator  
  20  2:04  Probe (Chrono Boost)  
  21  2:14  Gateway  
  21  2:27  Adept x2  
  25  2:32  Probe (Chrono Boost)  
  25  2:37  Warp Gate (Chrono Boost)  
  26  2:43  Probe (Chrono Boost)  
  27  2:48  Pylon  
  27  2:59  Adept  
  27  3:00  Adept  
  31  3:07  Adept  
  31  3:10  Probe (Chrono Boost)  
  34  3:24  Forge, Probe  
  35  3:31  Adept  
  37  3:37  Adept  
  39  3:44  Adept  
  41  3:51  Mothership Core  
  43  3:57  Protoss Ground Weapons Level 1 (Chrono Boost)  
  43  4:28  Adept x2  
  47  4:43  Pylon  
  47  4:52  Nexus  
  47  5:01  Probe  
  47  5:05  Pylon  
  44  5:42  Adept x2  
  48  5:43  Adept  
  48  5:46  Probe  
  43  5:58  Probe  
  36  6:09  Protoss Ground Armor Level 1 (Chrono Boost)  
  36  6:10  Twilight Council, Probe x2  
  38  6:19  Stalker  
  38  6:20  Stalker  
  38  6:21  Probe, Stalker  
  45  6:28  Assimilator  
  45  6:30  Assimilator  
  43  6:36  Gateway  
  43  6:46  Probe x2  
  45  6:47  Stargate  
  45  6:48  Blink (Chrono Boost)  
  45  6:58  Probe  
  45  7:00  Stalker x2  
  48  7:04  Stalker  
  48  7:12  Probe x2  
  42  7:29  Stalker x2  
  45  7:32  Probe  
  46  7:45  Phoenix  
  44  8:04  Stalker x2  
  48  8:06  Probe  
  48  8:08  Probe  
  50  8:26  Pylon  
  50  8:35  Gateway  
  50  8:38  Gateway  
  50  8:39  Pylon, Probe  
  51  8:48  Phoenix  
  51  8:51  Probe  
  52  9:14  Stalker x3  
Tags
 
Composition
Mass Adepts
Matchup
PvP
Replay Pack
All Mines
Spawn Locations
Close Positions
Add a new tag
Caveats
  • Supply blocks, unpowered buildings, or Contaminate may cause inaccurate times.
  • Supply counts are checked every 10 seconds.